 Dungeon Crawl Stone Soup version 0.25.0-46-gbd7b0854d2 (webtiles) character file.

Game seed: 14676030195811423088

195 Ethylacetat the Gusty (level 5, -1/31 HPs)
             Began as an Octopode Air Elementalist on July 15, 2020.
             Slain by an orc wizard
             ... wielding a +0 dagger
              (3 damage)
             ... on level 4 of the Dungeon.
             The game lasted 00:08:27 (3535 turns).

Ethylacetat the Gusty (Octopode Air Elementalist)   Turns: 3535, Time: 00:08:28

Health: -1/31      AC:  1    Str:  7    XL:     5   Next: 74%
Magic:  12/18      EV: 13    Int: 18    God:
Gold:   120        SH:  0    Dex:  9    Spells: 8/9 levels left

rFire    . . .     SeeInvis .   i - +2 whip (venom)
rCold    . . .     Gourm    .   (no shield)
rNeg     . . .     Faith    .   (helmet restricted)
rPois    .         Spirit   .   (no amulet)
rElec    .         Reflect  .   r - -4 ring of dexterity (curse)
rCorr    .         Harm     .   s - ring of magical power
MR       .....                  w - ring of stealth
Stlth    +++.......             (no ring)
HPRegen  0.10/turn              (no ring)
MPRegen  0.16/turn              (no ring)
                                (no ring)
                                (no ring)

@: confused
A: almost no armour, stealthy swim, amphibious, 8 rings, constrict 8, camouflage
1, gelatinous body 1
a: no special abilities


You were on level 4 of the Dungeon.
You were not hungry.

You visited 1 branch of the dungeon, and saw 4 of its levels.

You collected 120 gold pieces.

Inventory:

Hand Weapons
 i - a +2 whip of venom (weapon)
Jewellery
 r - a cursed -4 ring of dexterity (left tentacle)
 s - a ring of magical power (right tentacle)
 w - a ring of stealth (on tentacle)
Wands
 o - a wand of flame (23)
 v - a wand of polymorph (12)
Scrolls
 a - 2 scrolls of amnesia {unknown}
 e - a scroll of remove curse {unknown}
 f - 2 scrolls of identify {unknown}
 l - a scroll of teleportation {unknown}
 n - 2 scrolls of fog {unknown}
 q - a scroll of random uselessness {unknown}
 t - a scroll of magic mapping {unknown}
 u - a scroll of blinking {unknown}
Potions
 c - 2 potions of stabbing {unknown}
 d - 2 potions of ambrosia {unknown}
 g - 2 potions of heal wounds {unknown}
 h - 3 potions of flight {unknown}
 k - 2 potions of haste {unknown}
 m - 3 potions of curing {unknown}
 p - a potion of mutation {unknown}
Comestibles
 b - 6 rations
 j - a chunk of flesh


   Skills:
 - Level 2.0 Dodging
 - Level 2.6 Stealth
 + Level 2.9 Spellcasting
 * Level 3.4 Conjurations
 * Level 4.5 Air Magic


You had 8 spell levels left.
You knew the following spells:

 Your Spells              Type           Power        Failure   Level  Hunger
a - Shock                 Conj/Air       ###.         3%          1    None

Your spell library contained the following spells:

 Spells                   Type           Power        Failure   Level  Hunger
 Swiftness                Chrm/Air       ##......     10%         2    ##.....
 Static Discharge         Conj/Air       ###.....     10%         3    ###....
 Airstrike                Air            ###.......   26%         4    ####...
 Lightning Bolt           Conj/Air       ###.......   65%         5    ######.


Dungeon Overview and Level Annotations

Branches:
Dungeon (4/15)
 Temple: D:4-7

Altars:
Gozag


Innate Abilities, Weirdness & Mutations

You cannot wear most types of armour.
You are very stealthy in the water. (Stealth+)
You are amphibious.
You can wear up to eight rings at the same time.
You can use your tentacles to constrict eight enemies at once.
Your skin changes colour to match your surroundings (Stealth+).
Your rubbery body absorbs attacks. (AC +1, EV +1)


Message History

The orc is almost dead.
The zap misses the orc.
The orc barely misses you.
Casting: Shock (safe; 3% risk of failure)
Confirm with . or Enter, or press ? or * to list all spells.
Aiming: Shock (safe; 3% risk of failure)
Press: ? - help, Shift-Dir - straight line The zap hits the orc.
You kill the orc!
Something hits you.
* * * LOW HITPOINT WARNING * * *
You miss something. Something hits you but does no damage.
You miss something.
You hear some strange, mumbled words.
You are confused.
You closely miss something. Your squeeze misses something. Something hits you.
* * * LOW HITPOINT WARNING * * *
Something hits you.
* * * LOW HITPOINT WARNING * * *
You completely miss something. Something hits you.
You die...

#...≈# +..####..#..........
#....##≈###≈..##..####........
..... #≈≈≈≈≈......# ##........
..........##......# #.........
#......#.####.....###.....#...
#..##.##....#......##<...## .#
.. #.. ..#...............##. .
....#..#...................
.... #.......@.[...)........ .
.... ##.......{...............
........................
..........##.......<....
..........##^....>......
..........).......... ..
##..............(.##. #.
#.....##>...###......##
###.#.......## #.......


There were no monsters in sight!

Vanquished Creatures
  A hound (D:4)
  An orc wizard (D:3)
  An iguana (D:4)
  2 adders
  An adder skeleton (D:4)
  3 worms
  A dart slug (D:2)
  2 leopard geckos
  5 orcs
  14 bats
  2 giant cockroaches (D:1)
  8 goblins
  4 hobgoblins
  3 jackals (D:2)
  3 quokkas
  3 frilled lizards
  10 kobolds
  7 rats
71 creatures vanquished.

Notes
Turn   | Place    | Note
-------+----------+-------------------------------------------
     0 | D:1      | Ethylacetat the Octopode Air Elementalist began the quest
                  | for the Orb.
     0 | D:1      | Reached XP level 1. HP: 11/11 MP: 3/3
   321 | D:1      | Reached XP level 2. HP: 11/17 MP: 5/5
  1339 | D:2      | Reached XP level 3. HP: 21/21 MP: 6/6
  1838 | D:3      | Found an opulent altar of Gozag.
  1868 | D:3      | Reached XP level 4. HP: 18/27 MP: 7/7
  2067 | D:3      | Reached skill level 4 in Air Magic
  2856 | D:4      | Reached XP level 5. HP: 20/31 MP: 7/9
  3535 | D:4      | Slain by an orc wizard

Illustrated notes

Levels and vault maps discovered:
D:1:      psy_arrival_conway, layout_basic, serial_bayou, serial_bayou_lagoon_a,
          serial_bayou_ford_a, serial_bayou_shore_b, serial_bayou_pond_e
D:2:      layout_basic
D:3:      layout_basic, grunt_gozag_statues, minmay_quantized
D:4:      layout_cave_pools, lightli_temple_of_fire, kennysheep_mini_moat,
          minmay_temple_entry_fiery, first_ration

Skill      XL: |  1  2  3  4 |
---------------+-------------+-----
Conjurations   | 2 3 |  3.4
Air Magic      | 4 |  4.5
Dodging        | |  2.0
Stealth        | |  2.6
Spellcasting   | |  2.9

Action                   |  1- 3 |  4- 6 || total
-------------------------+-------+-------++-------
Melee: Unarmed           |    35 |       ||    35
       Constrict         |    22 |    18 ||    40
       Tentacles         |    12 |     8 ||    20
       Whip              |    42 |    78 ||   120
 Cast: Shock             |     2 |    23 ||    25
 Stab: Sleeping          |    11 |     4 ||    15
  Eat: Chunk             |     3 |     5 ||     8
Armor: Skin              |     7 |     9 ||    16
Dodge: Dodged            |    59 |    59 ||   118
